 Dungeon Crawl Stone Soup version 0.29.1-4-g47bece8355 (webtiles) character file.

Game seed: 18367660337976047982

70 DoIIoM the Caller (level 4, -3/29 HPs)
             Began as an Octopode Summoner on Dec 3, 2022.
             Slain by a sky beast (6 damage)
             ... on level 6 of the Dungeon.
             The game lasted 00:05:33 (3269 turns).

DoIIoM the Caller (Octopode Summoner)               Turns: 3269, Time: 00:05:33

Health: -3/29      AC:  1    Str:  7    XL:     4   Next: 21%
Magic:  6/8        EV: 13    Int: 19    God:
Gold:   203        SH:  0    Dex: 12    Spells: 5/8 levels left

rFire   . . .      SeeInvis .   i - +1 hand axe (vorpal)
rCold   . . .      Faith    .   (no shield)
rNeg    . . .      Spirit   .   (helmet restricted)
rPois   .          Reflect  .   (no amulet)
rElec   .          Harm     .   (no ring)
rCorr   .          Rampage  .   (no ring)
Will    .....                   (no ring)
Stlth   +++.......              (no ring)
HPRegen 0.09/turn               (no ring)
MPRegen 0.11/turn               (no ring)
                                (no ring)
                                (no ring)

@: very slightly contaminated
A: almost no armour, amphibious, 8 rings, camouflage 1, gelatinous body 1,
(nimble swimmer 1), tentacles
a: no special abilities


You were on level 6 of the Dungeon.
You visited 1 branch of the dungeon, and saw 5 of its levels.

You collected 203 gold pieces.

Inventory:

Hand Weapons
 d - a +0 short sword
 i - a +1 vorpal hand axe (weapon)
Scrolls
 e - a scroll of teleportation {unknown}
 f - a scroll of butterflies {unknown}
 h - a scroll of blinking {unknown}
Potions
 a - a potion of magic
 c - 2 potions of curing {unknown}
 g - a potion of cancellation {unknown}
 j - 2 potions of flight {unknown}


   Skills:
 + Level 1.8 Fighting
 - Level 2.0 Dodging
 - Level 3.2 Stealth
 + Level 2.7 Spellcasting
 + Level 4.5 Summonings


You had 5 spell levels left.
You knew the following spells:

 Your Spells              Type           Power      Damage    Failure   Level
a - Summon Small Mammal   Summ           76%        N/A       2%          1
b - Call Imp              Summ           19%        N/A       3%          2

Your spell library contained the following spells:

 Spells                   Type           Power      Damage    Failure   Level
 Call Canine Familiar     Summ           19%        N/A       8%          3
 Summon Guardian Golem    Hex/Summ       11%        N/A       19%         3
 Summon Lightning Spire   Summ/Air       11%        N/A       52%         4


Dungeon Overview and Level Annotations

Branches:
Dungeon (6/15)
 Temple: D:4-7

Altars:
Trog

Annotations:
D:6 Pikel


Innate Abilities, Weirdness & Mutations

You cannot wear most types of armour.
You are amphibious.
You can wear up to eight rings at the same time.
Your skin changes colour to match your surroundings (Stealth+).
Your rubbery body absorbs attacks. (AC +1, EV +1)
((You are camouflaged when in or above water. (Stealth+)))
You have tentacles for arms and can constrict up to eight enemies at once.


Message History

Pikel says, "Time is money, and you're costing me too much!"
A lemure comes into view.
Something hits your crimson imp.
Your crimson imp misses the lemure.
The lemure misses your crimson imp.
Pikel cracks his whip.
Your crimson imp blinks!
Pikel closely misses your crimson imp.
Your crimson imp closely misses Pikel.
Something hits your crimson imp. Pikel misses your crimson imp.
Your crimson imp misses Pikel.
Your crimson imp blinks!
There is a stone staircase leading down here.
Found a stone staircase leading down.
An orc comes into view. It is wielding a +0 flail.
Found 15 gold pieces.
The orc shouts!
The orc misses you.
You closely miss the orc. You grab the orc. You constrict the orc.
The orc completely misses you. The orc hits you with a +0 flail!
A sky beast comes into view.
You hit the orc.
The orc is severely wounded.
You constrict the orc.
You kill the orc!
Casting: Call Imp (safe; 3% risk of failure)
Confirm with . or Enter, or press ? or * to list all spells.
You miscast Call Imp.
You are very lightly contaminated with residual magic.
Nothing appears to happen.
The sky beast misses you.
Found 8 gold pieces.
The sky beast hits you. The sky beast shocks you.
You see here a +0 flail.
Your crimson imp barely misses the sky beast.
The sky beast flickers out of sight!
Deactivating autopickup; reactivate with Ctrl-A.
Something hits you. Something shocks you.
* * * LOW HITPOINT WARNING * * *
Something hits you.
* * * LOW HITPOINT WARNING * * *
Something shocks you.
You die...

#.#..##
#.#...#
###.#...##
#.5.##...#
#.####..5# #.#
#...## #.#
##...###
##$#########.#
#.....#
.'..$..@.)5..#
##.....
.####.####.###
###... # #...
###. ..##.# ##
.... .# #
##..# # # ##..
# ###


You could see a friendly crimson imp (summoned).

Vanquished Creatures
  An adder (D:2)
  A worm (D:2)
  2 orcs (D:6)
  5 ball pythons (D:1)
  2 bats (D:1)
  5 endoplasms
  A giant cockroach (D:1)
  3 goblins
  3 hobgoblins (D:2)
  4 quokkas
  3 frilled lizards
  9 kobolds
  3 rats
42 creatures vanquished.

Vanquished Creatures (collateral kills)
  An adder (D:2)
1 creature vanquished.

Grand Total: 43 creatures vanquished

Notes
Turn   | Place    | Note
-------+----------+-------------------------------------------
     0 | D:1      | DoIIoM the Octopode Summoner began the quest for the Orb.
     0 | D:1      | Reached XP level 1. HP: 11/11 MP: 3/3
   332 | D:1      | Reached XP level 2. HP: 18/18 MP: 5/5
   335 | D:1      | Learned a level 2 spell: Call Imp
  1148 | D:1      | Reached skill level 1 in Fighting
  1419 | D:2      | Identified the +1 ring mail of Plog {rElec}
  1495 | D:2      | Reached XP level 3. HP: 15/23 MP: 6/6
  2366 | D:2      | Reached XP level 4. HP: 28/28 MP: 7/7
  2625 | D:2      | Identified the +5 ring mail of Puoschywi {rElec}
  2868 | D:3      | You fall into a shaft and drop 3 floors!
  3032 | D:6      | Noticed an orc warrior
  3088 | D:5      | Entered Level 5 of the Dungeon
  3103 | D:6      | Found a bloodstained altar of Trog.
  3141 | D:6      | Noticed a lemure
  3143 | D:6      | Noticed Pikel
  3201 | D:6      | Noticed a lemure
  3263 | D:6      | Noticed a sky beast
  3269 | D:6      | Slain by a sky beast

Illustrated notes

Levels and vault maps discovered:
D:1:      tarquinn_simple_flora_water_e, layout_basic
D:2:      layout_loops_corners
D:3:      layout_loops_cross, lightli_temple_of_fire, serial_co_window_serial,
          co_window_cross_1, co_window_of_opportunity_a, co_window_corner_a,
          co_window_paths_a, co_window_of_opportunity_a, co_window_paths_a,
          co_window_corner_a, co_window_paths_a, co_window_of_opportunity_a,
          co_window_broadway_c, co_window_corner_b, co_window_cross_4,
          co_window_of_opportunity_c, glass_columns_a, glass_columns_c,
          glass_columns_a, kennysheep_generic_room_5, uniq_crazy_yiuf_cottage
D:5:      layout_loops_ring, nemelex_xobeh_ov_fountains_minmay,
          portal_sewer_entry_e, gammafunk_ghost_icy, uniq_ijyb, uniq_sigmund,
          uniq_menkaure, uniq_edmund
D:6:      layout_rooms, old_standard_altar, mainiacjoe_overflow_six_doors_small,
          serial_curves, eino_curves_02, eino_curves_04, eino_curves_04,
          eino_curves_04, minmay_misc_feat_chi, nicolae_underground_beach,
          uniq_pikel

Skill      XL: |  1  2 |
---------------+-------+-----
Stealth        | 3 |  3.2
Fighting       | 1 |  1.8
Dodging        | |  2.0
Spellcasting   | |  2.7
Summonings     | |  4.5

Action                   |  1- 3 |  4- 6 || total
-------------------------+-------+-------++-------
Melee: Unarmed           |    29 |       ||    29
       Tentacles         |    14 |     5 ||    19
       Constrict         |    19 |     5 ||    24
       Short sword       |    50 |     8 ||    58
       Hand axe          |       |    10 ||    10
 Cast: Call Imp          |     4 |     3 ||     7
  Use: Potion            |     1 |       ||     1
       Scroll            |       |     1 ||     1
 Stab: Sleeping          |    12 |     2 ||    14
Armor: Skin              |     4 |     1 ||     5
Dodge: Dodged            |    35 |    10 ||    45
